 Dungeon Crawl Stone Soup version 0.29-a0-717-g6dac4ea423 (webtiles) character file.

Game seed: 5980801524862886937

81 gobodom the Gusty (level 4, -2/24 HPs)
             Began as a Tengu Air Elementalist on June 27, 2022.
             Slain by an endoplasm (3 damage)
             ... on level 3 of the Dungeon.
             The game lasted 00:05:24 (2720 turns).

gobodom the Gusty (Tengu Air Elementalist)          Turns: 2720, Time: 00:05:25

Health: -2/24      AC:  2    Str: 10    XL:     4   Next: 42%
Magic:  8/8        EV: 12    Int: 15    God:
Gold:   90         SH:  0    Dex: 15    Spells: 7/8 levels left

rFire   . . .      SeeInvis .   c - +1 dagger (elec)
rCold   . . .      Faith    .   (no shield)
rNeg    . . .      Spirit   .   a - +0 robe
rPois   .          Reflect  .   (helmet restricted)
rElec   .          Harm     .   (no cloak)
rCorr   .          Rampage  .   (no gloves)
Will    .....                   (boots unavailable)
Stlth   ++........              (no amulet)
HPRegen 0.08/turn               (no ring)
MPRegen 0.11/turn               (no ring)

@: no status effects
A: beak, talons 3
a: no special abilities


You were on level 3 of the Dungeon.
You visited 1 branch of the dungeon, and saw 3 of its levels.

You collected 90 gold pieces.

Inventory:

Hand Weapons
 c - a +1 dagger of electrocution (weapon)
 l - a +0 vampiric whip
Armour
 a - a +0 robe (worn)
Scrolls
 d - 2 scrolls of blinking {unknown}
 e - a scroll of brand weapon {unknown}
 f - a scroll of amnesia {unknown}
 g - a scroll of magic mapping {unknown}
 j - a scroll of torment {unknown}
 m - a scroll of enchant armour {unknown}
 n - a scroll of immolation {unknown}
 o - a scroll of noise {unknown}
Potions
 b - a potion of magic
 h - a potion of degeneration {unknown}
 i - a potion of haste {unknown}
 k - a potion of brilliance {unknown}
 p - a potion of invisibility {unknown}


   Skills:
 + Level 0.9 Short Blades
 + Level 2.4 Dodging
 + Level 2.3 Stealth
 + Level 2.5 Spellcasting
 + Level 2.4 Conjurations
 + Level 5.3 Air Magic


You had 7 spell levels left.
You knew the following spells:

 Your Spells              Type           Power      Damage    Failure   Level
a - Shock                 Conj/Air       52%        1d6       4%          1

Your spell library contained the following spells:

 Spells                   Type           Power      Damage    Failure   Level
 Static Discharge         Conj/Air       13%        N/A       6%          2
 Swiftness                Air            17%        N/A       7%          3
 Freeze                   Ice            4%         1d3       22%         1
 Sandblast                Erth           2%         2d4       22%         1
 Airstrike                Air            8%         N/A       24%         4
 Passwall                 Tmut/Erth      0%         N/A       32%         2
 Stone Arrow              Conj/Erth      10%        3d7       36%         3
 Frozen Ramparts          Ice            2%         1d2       54%         3
 Hailstorm                Conj/Ice       5%         3d4       77%         4


Dungeon Overview and Level Annotations

Branches:
Dungeon (3/15)

Altars:


Innate Abilities, Weirdness & Mutations

You have a beak for a mouth.
You have claws for feet.


Message History

You see here a +0 mace.
You hit the orc. You claw the orc.
You kill the orc!
The zap hits the orc priest.
The orc priest is moderately wounded.
An endoplasm comes into view.
Found a stone staircase leading down.
The orc priest mumbles some strange prayers to Beogh against you.
Pain shoots through your body!
Things that are here:
a +0 mace; an orc corpse The endoplasm quivers.
You hit the orc priest but do no damage.
The orc priest is moderately wounded.
The orc priest barely misses you.
You hit the orc priest but do no damage.
You claw the orc priest, but do no damage.
The orc priest is moderately wounded.
The orc priest hits you with a +0 short sword.
You hit the orc priest but do no damage.
You peck the orc priest, but do no damage.
The orc priest is moderately wounded.
The orc priest hits you with a +0 short sword.
The endoplasm hits you.
You hit the orc priest but do no damage.
You claw the orc priest.
The orc priest is moderately wounded.
The orc priest misses you.
The endoplasm hits you but does no damage.
You hit the orc priest.
You peck the orc priest, but do no damage.
The orc priest is heavily wounded.
The orc priest hits you with a +0 short sword!
* * * LOW HITPOINT WARNING * * *
The endoplasm freezes you.
You are frozen.
* * * LOW HITPOINT WARNING * * *
Magic courses through your body. The orc priest barely misses you.
The endoplasm hits you.
You die...

#########
#<.......
#†#######
#.####
#....##.>
###).#.....
#####..).......
.......@#.....#
#..##)Jo......#
#. #.#.#.#....
#.#†#.#....
#.#.! . ...
..... #. .. .
... .. .##. #.


You could see an orc priest and an endoplasm.

Vanquished Creatures
  2 adders (D:2)
  A worm (D:2)
  A dart slug (D:2)
  3 orcs (D:3)
  3 ball pythons (D:1)
  7 bats
  4 endoplasms
  4 giant cockroaches
  2 goblins (D:2)
  2 hobgoblins
  4 jackals (D:1)
  A quokka (D:1)
  7 kobolds
  12 rats
53 creatures vanquished.

Notes
Turn   | Place    | Note
-------+----------+-------------------------------------------
     0 | D:1      | gobodom the Tengu Air Elementalist began the quest for the
                  | Orb.
     0 | D:1      | Reached XP level 1. HP: 10/10 MP: 4/4
   166 | D:1      | Reached XP level 2. HP: 15/15 MP: 1/6
   670 | D:1      | Reached XP level 3. HP: 19/19 MP: 2/7
  1308 | D:2      | Reached skill level 5 in Air Magic
  2056 | D:2      | Reached XP level 4. HP: 24/24 MP: 4/8
  2719 | D:3      | HP: 1/24 [frozen (1)]
  2720 | D:3      | Slain by an endoplasm

Illustrated notes

Levels and vault maps discovered:
D:1:      lightli_arrival_maybe_door_vault, layout_basic,
          ebering_dispersal_statue_hall
D:2:      layout_loops_cross, minmay_misc_feat_rugged, grunt_ministairs_14
D:3:      layout_loops_ring, grunt_gozag_breadcrumbs

Skill      XL: |  1  2  3  4 |
---------------+-------------+-----
Air Magic      | 5 |  5.3
Conjurations   | 2 |  2.4
Short Blades   | |  0.9
Dodging        | |  2.4
Stealth        | |  2.3
Spellcasting   | |  2.5

Action                   |  1- 3 |  4- 6 || total
-------------------------+-------+-------++-------
Melee: Dagger            |    11 |     6 ||    17
       Kick              |     4 |     3 ||     7
       Peck              |     1 |     2 ||     3
 Cast: Shock             |    83 |    22 ||   105
  Use: Potion            |       |     1 ||     1
Armor: Robe              |     4 |     2 ||     6
Dodge: Dodged            |    14 |     5 ||    19

Table legend: (Time is in decaauts)
 A = Elapsed time spent in this place.
 B = Non-inter-level travel time spent in this place.
 C = Inter-level travel time spent in this place.
 D = Time resting spent in this place.
 E = Time spent auto-exploring this place.
 F = Levels seen in this place.
 G = Mean time per level.
                   A        B        C        D        E       F      G
               +--------+--------+--------+--------+--------+-----+--------+
         Total |   2718 |   2718 |      0 |      0 |   2353 |   3 |  906.0 |
       Dungeon |   2718 |   2718 |      0 |      0 |   2353 |   3 |  906.0 |
               +--------+--------+--------+--------+--------+-----+--------+

Top non-repeatable levels by time:
     D:2: 1513 daAuts
     D:1: 1140 daAuts
     D:3: 64 daAuts
